 Dungeon Crawl Stone Soup version 0.22-a0-362-g535178c (webtiles) character file.

3 Amnesiac the Magician (level 1, -4/13 HPs)
             Began as a Mummy Wizard on Apr 21, 2018.
             Slain by an adder (5 damage)
             ... on level 4 of the Dungeon.
             The game lasted 00:00:41 (188 turns).

Amnesiac the Magician (Mummy Wizard)                 Turns: 188, Time: 00:00:42

Health: -4/13      AC:  2    Str: 10    XL:     1   Next: 41%
Magic:  0/5        EV: 12    Int: 17    God:
Gold:   7          SH:  0    Dex: 10    Spells: 7/8 levels left

rFire    x . .     SeeInvis .   (no weapon)
rCold    + . .     Gourm    .   (no shield)
rNeg     + + +     Faith    .   a - +0 robe
rPois    ∞         Spirit   .   b - +0 hat
rElec    .         Reflect  .   (no cloak)
rCorr    .         Harm     .   (no gloves)
MR       .....                  (no boots)
Stlth    ++........             (no amulet)
HPRegen  0.04/turn              (no ring)
MPRegen  0.09/turn              (no ring)

@: very slightly contaminated
A: no food or potions, fire vulnerability, cold resistance 1, negative energy
resistance 3, torment resistance, unbreathing
a: no special abilities


You were on level 4 of the Dungeon.
You were not hungry.

You visited 1 branch of the dungeon, and saw 4 of its levels.

You collected 7 gold pieces.

Inventory:

Missiles
 c - 17 stones (quivered)
Armour
 a - a +0 robe (worn)
 b - a +0 hat (worn)


   Skills:
 + Level 0.2 Fighting
 * Level 1.7 Dodging
 - Level 1.5 Stealth
 - Level 4.0 Spellcasting
 + Level 0.9 Conjurations
   Level 0.7 Summonings
   Level 0.7 Translocations


You had 7 spell levels left.
You knew the following spells:

 Your Spells              Type           Power        Failure   Level  Hunger
a - Magic Dart            Conj           #...         11%         1    N/A

Dungeon Overview and Level Annotations

Branches:
Dungeon (4/15)
 Temple: D:4-7

Altars:
Hepliaklqana


Innate Abilities, Weirdness & Mutations

You do not eat or drink.
Your flesh is vulnerable to fire.
You are immune to poison.
Your flesh is cold resistant. (rC+)
You are immune to negative energy. (rN+++)
You are immune to unholy pain and torment.
You can survive without breathing.


Message History

The goblin barely misses you.
An adder comes into view.
The adder moves out of view.
The rat bites you.
The adder hisses angrily.
The rat barely misses you. The goblin hits you with a club.
* * * LOW HITPOINT WARNING * * *
Found a stone staircase leading down.
A rat comes into view.
Found 19 sling bullets.
You see here a club.
The adder completely misses you. The adder misses you.
There is a stone staircase leading down here.
The adder closely misses you. The goblin hits you with a club.
* * * LOW HITPOINT WARNING * * *
You climb downwards.
There is a stone staircase leading up here.
Casting: Magic Dart (safe; 12% risk of failure)
Confirm with . or Enter, or press ? or * to list all spells.
Aiming: Magic Dart (safe; 12% risk of failure)
Press: ? - help, Shift-Dir - straight line, f - goblin
Aim: a goblin, wielding a club You miscast Magic Dart.
You are very lightly contaminated with residual magic.
You are momentarily dazzled by a flash of light!
The adder closely misses you.
Casting: Magic Dart (safe; 12% risk of failure)
Confirm with . or Enter, or press ? or * to list all spells.
Aiming: Magic Dart (safe; 12% risk of failure)
Press: ? - help, Shift-Dir - straight line, f/p - goblin
Aim: a goblin, wielding a club The magic dart hits the goblin.
The goblin is heavily wounded.
The adder misses you. The goblin hits you but does no damage.
Casting: Magic Dart (safe; 12% risk of failure)
Confirm with . or Enter, or press ? or * to list all spells.
Aiming: Magic Dart (safe; 12% risk of failure)
Press: ? - help, Shift-Dir - straight line, f/p - goblin
Aim: a goblin, wielding a club (heavily wounded)
The magic dart hits the goblin.
The goblin is severely wounded.
The adder bites you but does no damage. The goblin closely misses you.
The adder bites you.
* * * LOW HITPOINT WARNING * * *
Casting: Magic Dart (safe; 12% risk of failure)
Confirm with . or Enter, or press ? or * to list all spells.
Aiming: Magic Dart (safe; 12% risk of failure)
Press: ? - help, Shift-Dir - straight line, f/p - goblin
Aim: a goblin, wielding a club (severely wounded)
The magic dart hits the goblin.
You kill the goblin!
The adder bites you.
* * * LOW HITPOINT WARNING * * *
You aren't carrying any scrolls.
Things that are here:
a club; a goblin corpse
Casting: Magic Dart (safe; 11% risk of failure)
Confirm with . or Enter, or press ? or * to list all spells.
Aiming: Magic Dart (safe; 11% risk of failure)
Press: ? - help, Shift-Dir - straight line, f - adder
Aim: an adder The magic dart hits the adder.
The adder is moderately wounded.
The adder misses you. The adder bites you.
You die...

###
#@#
#S#
#.#
..#
##.#
#..
#..
#..
....


You could see an adder.

Vanquished Creatures
  A giant cockroach (D:1)
  A goblin (D:4)
  A ball python skeleton (D:3)
3 creatures vanquished.

Notes
Turn   | Place    | Note
-------+----------+-------------------------------------------
     0 | D:1      | Amnesiac the Mummy Wizard began the quest for the Orb.
     0 | D:1      | Reached XP level 1. HP: 13/13 MP: 5/5
   142 | D:3      | Noticed a big kobold
   162 | D:3      | Found a hazy altar of Hepliaklqana.
   188 | D:4      | Slain by an adder

Vault maps used:
D:1:      eino_arrival_druids_welcome, minmay_splitting_lines
D:2:      nicolae_ru_the_path_less_chosen, gammafunk_temple_overflow_elements,
          uniq_natasha
D:3:      nicolae_overflow_crystal_walls, lemuel_doored_altar, first_ration,
          uniq_jessica
D:4:      serial_shops, nicolae_shop_crystal, minmay_misc_feat_plants,
          guppyfry_shop_venom, uniq_robin

Action                   || total
-------------------------++-------
Melee: Unarmed           ||     5
 Cast: Magic Dart        ||    11
Armor: Robe              ||     5
Dodge: Dodged            ||    20

Table legend:
 A = Spawn XP
 B = Non-spawn XP
 C = Spawn XP percentage of total XP
 D = Spawn monster count
 E = Non-spawn monster count
 F = Spawn count percentage of total count
 G = Total turns spent on level
                    A         B        C        D         E        F      G
               +---------+---------+-------+---------+---------+-------+---------
         Total |       0 |       5 |   0.0 |       0 |       3 |   0.0 |   188
               +---------+---------+-------+---------+---------+-------+---------
           D:1 |       0 |       2 |   0.0 |       0 |       1 |   0.0 |    71
           D:3 |       0 |       1 |   0.0 |       0 |       1 |   0.0 |   108
           D:4 |       0 |       2 |   0.0 |       0 |       1 |   0.0 |     6
               +---------+---------+-------+---------+---------+-------+---------
